 Dungeon Crawl Stone Soup version 0.31.0-11-ge490571c62 (webtiles) character file.

Game seed: 6473235128108964110

268 qw the Shooter (level 6, 0/30 HPs)
             Began as a Spriggan Hunter on Feb 4, 2024.
             Incinerated by a bombardier beetle (6 damage)
             ... with a burning spray
             ... on level 4 of the Dungeon.
             The game lasted 00:00:57 (3128 turns).

qw the Shooter (Spriggan Hunter)                    Turns: 3128, Time: 00:00:57

Health: 0/30       AC:  2    Str:  7    XL:     6   Next: 1%
Magic:  7/7        EV: 20    Int: 10    God:
Gold:   201        SH:  0    Dex: 21    Spells: 5/5 levels left

rFire   . . .        a - +0 shortbow
rCold   . . .        (shield currently unavailable)
rNeg    . . .        c - +0 robe
rPois   .            (helmet restricted)
rElec   .            (no cloak)
rCorr   .            (gloves unavailable)
SInv    +            (boots unavailable)
Will    +....        (no amulet)
Stlth   +            (no ring)
HPRegen 0.25/turn    (no ring)
MPRegen 0.10/turn

%: no passive effects
@: on fire, glowing, very quick
A: very small, no large weapons, unfitting armour, see invisible, speed 3
a: no special abilities


You were on level 4 of the Dungeon.
You visited 2 branches of the dungeon, and saw 5 of its levels.

You collected 201 gold pieces.


Innate Abilities, Weirdness & Mutations

You are very small and have problems with some larger weapons.
You are too small for most types of armour.
You have supernaturally acute eyesight. (SInv)
You cover ground extremely quickly. (Speed+++)


   Skills:
 - Level 2.2 Fighting
 - Level 6.2 Ranged Weapons
 + Level 5.0 Dodging
 - Level 1.5 Stealth


You had 5 spell levels left.
You didn't know any spells.
Your spell library was empty.

Inventory:

Hand Weapons
 a - a +0 shortbow (weapon)
Armour
 c - a +0 robe (worn)
Wands
 d - a wand of flame (16)
Scrolls
 b - 4 scrolls of identify
 i - a scroll of teleportation
Potions
 e - a potion of curing
 f - a potion of mutation {unknown}
 k - a potion of heal wounds

Dungeon Overview and Level Annotations

Branches:
Dungeon (4/15)             Temple (1/1) D:4

Altars:
Cheibriados
Dithmenos
Elyvilon
Fedhas
Gozag
Makhleb
Nemelex Xobeh
Qazlal
Ru
Trog
Uskayaw
Vehumet
Wu Jian
The Shining One

Annotations:
D:3 1 runed translucent door, qw's ghost, weakling SpHu


Message History

HP restored.
You see here a hound corpse.
Found a flail.
Found a stone staircase leading down.
f - a smoky coppery potion You see here a +0 flail.
A bombardier beetle comes into view.
Enter note:
Enter note: You shoot an arrow.
The arrow hits the bombardier beetle but does no damage.
You shoot an arrow.
The arrow hits the bombardier beetle but does no damage.
You shoot an arrow. The arrow hits the bombardier beetle.
The bombardier beetle is lightly wounded.
You shoot an arrow. The arrow hits the bombardier beetle!
The bombardier beetle is heavily wounded.
The bombardier beetle sprays incendiary fluid at you.
The burning spray hits you.
You are covered in liquid fire!
You shoot an arrow. The arrow hits the bombardier beetle.
The bombardier beetle is heavily wounded.
The liquid fire burns you!
You shoot an arrow. The arrow hits the bombardier beetle.
The bombardier beetle is almost dead.
The liquid fire burns you!
You shoot an arrow. The arrow hits the bombardier beetle.
The bombardier beetle is almost dead.
The liquid fire burns you!
You shoot an arrow. The arrow hits the bombardier beetle!
You kill the bombardier beetle!
The liquid fire burns you!
Your Ranged Weapons skill increases to level 6!
You have reached level 6!
You are on fire!
The liquid fire burns you!
You are on fire!
The liquid fire burns you!
You are on fire!
The liquid fire burns you!
You die...

.. #........ ... ...
..#........ ... ...
..#......#. .... ..
.........## . ..... .
...#........ .....#. ..
...#...###.# #...#..
..... #......<.
..#....####.####.#......
.......@................
###..###..###........###
#..# #......#.###..# #
##..###.######.....## #
#....#.)# ##....#.##
#....#.#####..#.##..#
##......#.....##..##.#
#.....###.....:##..#.##
#.....###%#..>.###....##


There were no monsters in sight!

Vanquished Creatures
  A black bear (D:4)
  A bombardier beetle (D:4)
  A hound (D:4)
  An orc wizard (D:3)
  An adder (D:3)
  A shadow imp (D:3)
  3 orcs
  3 bats
  6 endoplasms
  2 giant cockroaches
  9 goblins
  10 hobgoblins
  4 jackals (D:2)
  4 kobolds
  5 quokkas
  3 ball pythons
  3 frilled lizards
  A rat (D:3)
59 creatures vanquished.

Notes
Turn   | Place    | Note
-------+----------+-------------------------------------------
     0 | D:1      | qw the Spriggan Hunter began the quest for the Orb.
     0 | D:1      | Reached XP level 1. HP: 10/10 MP: 2/2
     0 | D:1      | 0 ||| qw: Version: 0.3-a-160-g6735b56
     0 | D:1      | 0 ||| qw: Game counter: 5688
     0 | D:1      | 0 ||| qw: Melee chars always use a shield: true
     0 | D:1      | 0 ||| qw: God list: Okawaru
     0 | D:1      | 0 ||| qw: Allow faded altars: false
     0 | D:1      | 0 ||| qw: Do Orc after clearing Dungeon:15 true
     0 | D:1      | 0 ||| qw: Do second Lair branch before Depths: true
     0 | D:1      | 0 ||| qw: Lair rune preference: random
     0 | D:1      | 0 ||| qw: Goals: Normal
     0 | D:1      | 0 ||| PLANNING D:1-11
    45 | D:1      | Reached skill level 3 in Dodging
    88 | D:1      | Reached XP level 2. HP: 14/14 MP: 3/3
   777 | D:1      | 777 ||| READING 2 scrolls labelled RUSAMM KUYRGH.
   878 | D:1      | 878 ||| READING 2 scrolls labelled ZUESSEYNIL.
   878 | D:1      | 878 ||| IDENTIFYING bubbling clear potion
   879 | D:1      | 879 ||| READING scroll of identify.
   879 | D:1      | 879 ||| IDENTIFYING yellow potion
   880 | D:1      | 880 ||| READING scroll labelled NERYNEO RAUGH.
   884 | D:1      | 884 ||| DRINKING 2 red potions.
   885 | D:1      | 885 ||| DRINKING 2 fizzy puce potions.
   886 | D:1      | 886 ||| DRINKING 2 fuming purple potions.
   887 | D:1      | 887 ||| DRINKING viscous inky potion.
   888 | D:1      | 888 ||| DROPPING scroll of butterflies.
   889 | D:1      | 889 ||| DROPPING scroll of vulnerability.
   890 | D:1      | 890 ||| DROPPING potion of ambrosia.
   891 | D:1      | 891 ||| DROPPING potion of degeneration.
   892 | D:1      | 892 ||| DROPPING potion of magic.
  1363 | D:2      | Reached XP level 3. HP: 18/18 MP: 4/4
  1819 | D:2      | 1819 ||| READING scroll of identify.
  1819 | D:2      | 1819 ||| IDENTIFYING bubbling yellow potion
  1820 | D:2      | 1820 ||| READING scroll labelled XONYFA ZUZALY.
  1821 | D:2      | 1821 ||| READING scroll labelled HAUFAI KUSEPRAD.
  1822 | D:2      | 1822 ||| DROPPING potion of invisibility.
  1824 | D:2      | 1824 ||| Stepping ~*~*~tactically~*~*~ (cloud).
  2078 | D:3      | Identified the +10 chain mail of Spring Thaw {^Drain +Inv
                  | Regen+ Stlth+}
  2166 | D:3      | Reached skill level 5 in Ranged Weapons
  2171 | D:3      | Reached XP level 4. HP: 16/22 MP: 5/5
  2324 | D:3      | Found a runed translucent door.
  2330 | D:3      | Noticed qw's ghost (weakling SpHu)
  2734 | D:3      | 2734 ||| READING 5 scrolls of identify.
  2734 | D:3      | 2734 ||| IDENTIFYING smoky orange potion
  2735 | D:3      | 2735 ||| DROPPING potion of berserk rage.
  2792 | D:4      | 2792 ||| FLEEEEING.
  2793 | D:4      | 2793 ||| FLEEEEING.
  2794 | D:4      | 2794 ||| FLEEEEING.
  2795 | D:4      | 2795 ||| FLEEEEING.
  2796 | D:4      | 2796 ||| FLEEEEING.
  2797 | D:4      | 2797 ||| FLEEEEING.
  2798 | D:4      | 2798 ||| FLEEEEING.
  2799 | D:4      | 2799 ||| FLEEEEING.
  2800 | D:4      | 2800 ||| FLEEEEING.
  2801 | D:4      | 2801 ||| FLEEEEING.
  2807 | D:4      | 2807 ||| STAIRDANCE
  2823 | D:4      | 2823 ||| STAIRDANCE
  2862 | D:4      | 2862 ||| STAIRDANCE
  2968 | D:4      | Found a staircase to the Ecumenical Temple.
  2969 | D:4      | 2969 ||| PLANNING TEMPLE
  2974 | Temple   | Entered the Ecumenical Temple
  2975 | Temple   | 2975 ||| PLANNING D:1-11
  2985 | D:4      | Noticed a black bear
  2986 | D:4      | 2986 ||| DRINKING potion of haste.
  3013 | D:4      | Reached XP level 5. HP: 25/26 MP: 6/6
  3027 | D:4      | 3027 ||| ZAPPING wand of flame (17) at 0,-1 (black bear;
                  | floor).
  3027 | D:4      | Killed a black bear
  3126 | D:4      | Reached skill level 6 in Ranged Weapons
  3126 | D:4      | Reached XP level 6. HP: 14/30 MP: 7/7
  3127 | D:4      | HP: 5/30 [burnt (4)]
  3128 | D:4      | Incinerated by a bombardier beetle

Levels and vault maps discovered:
D:1:      dpeg_arrival_signposts, layout_basic, nicolae_titane
D:2:      layout_basic
D:3:      layout_basic, ebering_ghost_reflecting_pool, feat_on_display
D:4:      layout_rooms, tgw_kikubaaqudgha, old_standard_altar,
          minmay_temple_entry_offerings
Temple:   eino_temple_lava

Skill      XL: |  1  2  3  4  5 |
---------------+----------------+-----
Dodging        | 3 4 5 |  5.0
Ranged Weapons | 5 6 |  6.2
Fighting       | 2 |  2.2
Stealth        | |  1.5

Action                     |  1- 3 |  4- 6 || total
---------------------------+-------+-------++-------
   Fire: Shortbow          |   131 |    66 ||   197
  Evoke: Wand              |       |     1 ||     1
    Use: Scroll            |     7 |     1 ||     8
         Potion            |     4 |     1 ||     5
 Armour: Robe              |    17 |    13 ||    30
  Dodge: Dodged            |    64 |    36 ||   100

Table legend:
 A = Non-vault XP
 B = Vault XP
 C = Vault XP percentage of total XP
 D = Non-vault monster count
 E = Vault monster count
 F = Vault count percentage of total count
                 A         B        C        D         E       F
            +---------+---------+-------+---------+---------+-------
      Total |     384 |       0 |   0.0 |      59 |       0 |   0.0
            +---------+---------+-------+---------+---------+-------
        D:1 |      28 |       0 |   0.0 |      15 |       0 |   0.0
        D:2 |      23 |       0 |   0.0 |      13 |       0 |   0.0
        D:3 |      94 |       0 |   0.0 |      21 |       0 |   0.0
        D:4 |     239 |       0 |   0.0 |      10 |       0 |   0.0
            +---------+---------+-------+---------+---------+-------
